 Dungeon Crawl Stone Soup version 0.16.0-12-g7215832 (webtiles) character file.

4422 Sorcv the Covert (level 10, -12/52 HPs)
             Began as a Kobold Enchanter on Mar 18, 2015.
             Was a Follower of Ashenzari.
             Killed from afar by a raiju (21 damage)
             ... with a living lightning
             ... on level 1 of the Abyss.
             The game lasted 00:20:44 (4359 turns).

Sorcv the Covert (Kobold Enchanter)                 Turns: 4359, Time: 00:20:45

Health: -12/52     AC:  5    Str:  7    XL:     10   Next: 62%
Magic:  16/16      EV: 22    Int: 13    God:    Ashenzari [*.....]
Gold:   386        SH:  0    Dex: 20    Spells: 4 memorised, 1 level left

rFire  . . .     SeeInvis .     h - +6 short sword (speed)
rCold  . . .     Clarity  .     b - +2 robe
rNeg   + . .     SustAb   .     (no shield)
rPois  .         Gourm    .     m - +1 hat
rElec  .         Spirit   .     (no cloak)
rCorr  .         Warding  +     (no gloves)
rMut   .         Stasis   .     (no boots)
MR     .....                    t - amulet of warding
Stlth  +++++++...               (no ring)
                                k - ring of wizardry

@: about to teleport, not resistant to hostile enchantments, extremely stealthy
A: carnivore 3
a: Renounce Religion


You were on level 1 of the Abyss.
You worshipped Ashenzari.
Ashenzari was aware of your devotion.
You were very full.

You visited 2 branches of the dungeon, and saw 10 of its levels.
You visited the Abyss 1 time.

You collected 386 gold pieces.

Inventory:

Hand weapons
 a - a +1 dagger
 h - a +6 short sword of speed (weapon)
Armour
 b - a +2 robe (worn)
 m - a +1 hat (worn)
 y - a +0 buckler
Jewellery
 k - a ring of wizardry (left hand)
 o - an uncursed amulet of resist corrosion
 t - an amulet of warding (around neck)
Magical devices
 i - a wand of polymorph (17)
 w - a wand of confusion (22)
Scrolls
 g - a scroll of recharging
 j - a scroll of remove curse
 l - 2 scrolls of teleportation
 u - a scroll of identify
Potions
 e - 3 potions of haste
 f - a potion of curing
 n - a potion of restore abilities
 p - a potion of agility
 r - a potion of invisibility
Books
 c - a book of Maledictions

   Spells                             Type                      Level
   a - Corona                         Hexes                        1
   b - Sure Blade                     Hexes/Charms                 2
   c - Ensorcelled Hibernation        Hexes/Ice                    2
   d - Confuse                        Hexes                        3
   e - Dazzling Spray                 Conjuration/Hexes            3
   f - Enslavement                    Hexes                        4
 q - a book of Clouds

   Spells                             Type                      Level
   a - Mephitic Cloud                 Conjuration/Poison/Air       3
   b - Conjure Flame                  Conjuration/Fire             3
   c - Poisonous Cloud                Conjuration/Poison/Air       6
   d - Freezing Cloud                 Conjuration/Ice/Air          6
   e - Ring of Flames                 Charms/Fire                  7
 v - a book of Party Tricks

   Spells                             Type                      Level
   a - Summon Butterflies             Summoning                    1
   b - Apportation                    Translocation                1
   c - Tukima's Dance                 Hexes                        3
   d - Alistair's Intoxication        Transmutation/Poison         4
   e - Invisibility                   Hexes                        6
Comestibles
 d - 2 meat rations
 s - 4 beef jerkies
 x - 8 slices of pizza


   Skills:
 - Level 1.4 Fighting
 - Level 8.3 Short Blades
 - Level 8.1 Dodging
 + Level 14.3 Stealth
 - Level 2.0 Spellcasting
 * Level 6.0 Hexes
 - Level 1.1 Ice Magic


You had one spell level left.
You knew the following spells:

 Your Spells              Type           Power        Failure   Level  Hunger
a - Corona                Hex            ###....      1%          1    ##.....
b - Ensorcelled Hibernat  Hex/Ice        ##....       4%          2    ###....
c - Confuse               Hex            ###.....     3%          3    ####...
d - Invisibility          Hex            ###.....     95%         6    #######


Dungeon Overview and Level Annotations

Branches:
Dungeon (9/15)             Temple (1/1) D:5
   Lair: D:8-11         Orc: D:9-12

Altars:
Ashenzari
Elyvilon
Fedhas
Gozag
Kikubaaqudgha
Makhleb
Nemelex Xobeh
Okawaru
Qazlal
Ru
Trog
Vehumet
Xom
Yredelemnul
Zin
The Shining One

Shops:
D:4 =

Annotations:
D:9 Erolcha


Innate Abilities, Weirdness & Mutations

You are small and have problems with some larger weapons.
You are carnivorous and can eat meat at any time.


Message History

The raiju bursts into living lightning!
The living lightning misses you.
The raiju blinks!
The raiju bursts into living lightning!
The living lightning misses you.
The raiju blinks!
You see here an uncursed buckler.
y - an uncursed buckler The raiju bursts into living lightning!
The living lightning hits you!
* * * LOW HITPOINT WARNING * * *
The raiju blinks! x2
Drink which item? (? for menu, Esc to quit)
You feel better. The raiju misses you.
The raiju bursts into living lightning!
The living lightning hits you!
* * * LOW HITPOINT WARNING * * *
The living lightning misses you.
The raiju blinks!
The raiju blinks!
The raiju bursts into living lightning!
The living lightning hits the raiju.
The raiju completely resists.
The living lightning hits you!
You die...

. ...#..##..#.#
.##..h...#.##. # #..
.#.#...##.## .# #
..h##...#..## .#.. ##
h##. ...#..h..##.## #
..#...###...#.§....#
...#.#....#....##.##.#
.. .#...#......#h.# .
#.### ##.#.##h@##
.#...###.......# ##
... .....##... # ...
.#..##..#. ##.###..#.
##...... . #. ...#.#.
.§ # .#..#. . .... #
.## ... # # .... . .


You could see 3 raiju.

Vanquished Creatures
  Pikel (D:6)
  A yak (D:8)
  A wyvern (D:8)
  A human (D:8)
  Eustachio (D:5)
  A steam dragon (D:7)
  4 hippogriffs
  Edmund (D:5)
  A sky beast (D:8)
  A black bear (D:6)
  A phantom (D:6)
  4 orc warriors
  3 slaves (D:6)
  3 centaurs
  3 ogres
  Blork the orc (D:7)
  2 giant frogs
  3 scorpions
  A crimson imp (D:8)
  2 goliath beetles (D:7)
  6 hounds
  2 orc priests (D:6)
  A centaur skeleton (D:6)
  A giant frog skeleton (D:7)
  4 iguanas
  6 worker ants
  Natasha (twice) (D:5)
  3 sheep (D:8)
  5 orc wizards
  Ijyb (D:2)
  Jessica (D:2)
  A mummy (D:8)
  6 gnolls
  A giant mite (D:5)
  3 adders
  2 worms
  2 adder skeletons
  2 oozes
  19 orcs
  A ball python (D:4)
  A bat zombie (D:6)
  4 giant cockroaches
  14 goblins
  7 hobgoblins
  4 jackals (D:1)
  10 kobolds
  2 quokkas
  A ball python skeleton (D:4)
  10 bats
  4 giant geckos
  A giant gecko skeleton (D:4)
  5 giant newts
  A jackal skeleton (D:7)
  5 rats
174 creatures vanquished.

Vanquished Creatures (others)
  An orc (D:9)
  A goblin (D:6)
2 creatures vanquished.

Grand Total: 176 creatures vanquished

Notes
Turn   | Place    | Note
--------------------------------------------------------------
     0 | D:1      | Sorcv, the Kobold Enchanter, began the quest for the Orb.
     0 | D:1      | Reached XP level 1. HP: 10/10 MP: 3/3
    70 | D:1      | Reached XP level 2. HP: 15/15 MP: 4/4
    94 | D:1      | Reached skill level 5 in Stealth
   223 | D:1      | Reached XP level 3. HP: 8/19 MP: 6/6
   227 | D:1      | Learned a level 2 spell: Ensorcelled Hibernation
   231 | D:1      | Learned a level 3 spell: Confuse
   484 | D:2      | Noticed Jessica
   485 | D:2      | Found a stormy altar of Qazlal.
   485 | D:2      | Noticed an earth elemental
   487 | D:2      | Killed Jessica
   487 | D:2      | Reached skill level 6 in Stealth
   489 | D:2      | Noticed an air elemental
   489 | D:2      | Noticed a fire elemental
   489 | D:2      | Noticed a water elemental
   531 | D:2      | Noticed Ijyb
   538 | D:2      | Killed Ijyb
   538 | D:2      | Reached XP level 4. HP: 24/24 MP: 7/7
   779 | D:3      | Reached skill level 7 in Stealth
   785 | D:3      | Reached XP level 5. HP: 28/28 MP: 9/9
   853 | D:3      | Noticed an ogre
   862 | D:3      | Killed an ogre
   872 | D:3      | Reached XP level 6. HP: 32/32 MP: 10/10
   989 | D:3      | Reached skill level 8 in Stealth
  1187 | D:4      | Found a glowing silver altar of Zin.
  1328 | D:4      | Found a glowing golden altar of the Shining One.
  1335 | D:4      | Reached XP level 7. HP: 36/36 MP: 12/12
  1480 | D:4      | Reached skill level 9 in Stealth
  1542 | D:4      | Found Twixof's Jewellery Emporium.
  1755 | D:5      | Entered Level 5 of the Dungeon
  1771 | D:5      | Noticed Natasha
  1780 | D:5      | Noticed Edmund
  1788 | D:5      | Killed Natasha
  1806 | D:5      | Noticed Eustachio
  1812 | D:5      | Killed Edmund
  1812 | D:5      | Reached skill level 10 in Stealth
  1812 | D:5      | Reached XP level 8. HP: 23/41 MP: 5/13
  1886 | D:5      | Killed Eustachio
  1886 | D:5      | Reached skill level 5 in Short Blades
  1886 | D:5      | Reached skill level 5 in Dodging
  2119 | D:5      | Found a staircase to the Ecumenical Temple.
  2122 | D:5      | Noticed Natasha
  2123 | D:5      | Killed Natasha
  2132 | Temple   | Entered the Ecumenical Temple
  2276 | Temple   | Became a worshipper of Ashenzari the Shackled
  2428 | D:6      | Noticed Pikel
  2473 | D:6      | Killed Pikel
  2473 | D:6      | Reached skill level 11 in Stealth
  2473 | D:6      | Reached XP level 9. HP: 34/45 MP: 14/14
  2618 | D:6      | Reached skill level 12 in Stealth
  2948 | D:6      | Found a blossoming altar of Fedhas.
  3076 | D:7      | Noticed Blork the orc
  3079 | D:7      | Killed Blork the orc
  3294 | D:7      | Reached skill level 13 in Stealth
  3451 | D:7      | Reached skill level 1 in Ice Magic
  3460 | D:7      | Reached XP level 10. HP: 49/51 MP: 13/16
  3519 | D:8      | Learned a level 6 spell: Invisibility
  3582 | D:8      | Reached skill level 1 in Fighting
  3902 | D:8      | Reached skill level 14 in Stealth
  3958 | D:8      | Reached skill level 5 in Hexes
  3963 | D:8      | Found a white marble altar of Elyvilon.
  4221 | D:9      | Noticed Erolcha
  4258 | D:9      | Cast into the Abyss (Erolcha)
  4324 | Abyss:1  | Noticed an orange demon
  4359 | Abyss:1  | Killed from afar by a raiju

Action                   |  1- 3 |  4- 6 |  7- 9 | 10-12 || total
-------------------------+-------+-------+-------+-------++-------
Melee: Dagger            |    68 |       |       |       ||    68
       Short sword       |     8 |    58 |   212 |   104 ||   382
 Cast: Ensorcelled Hiber |       |     1 |     8 |    15 ||    24
       Confuse           |       |       |     5 |     2 ||     7
  Use: Scroll            |       |     5 |     4 |     3 ||    12
       Potion            |       |       |     2 |     3 ||     5
 Stab: Sleeping          |     7 |    12 |    22 |    11 ||    52
       Confused          |       |       |     2 |     1 ||     3
       Distracted        |       |       |     1 |       ||     1
  Eat: Chunk             |       |     1 |     7 |     8 ||    16
       Beef jerky        |       |       |     2 |       ||     2
